 Dungeon Crawl Stone Soup version 0.19.4-8-ga85b6b9 (webtiles) character file.

8874 Naow the Thaumaturge (level 11, -10/64 HPs)
             Began as a Deep Elf Fire Elementalist on Feb 8, 2017.
             Was an Elder of Vehumet.
             Hit by a large rock thrown by a cyclops (40 damage)
             ... on level 11 of the Dungeon.
             The game lasted 00:26:05 (12932 turns).

Naow the Thaumaturge (Deep Elf Fire Elementalist)  Turns: 12932, Time: 00:26:07

Health: -10/64     AC: 11    Str:  8    XL:     11   Next: 15%
Magic:  18/28      EV: 12    Int: 26    God:    Vehumet [****..]
Gold:   295        SH:  4    Dex: 15    Spells: 6 memorised, 15 levels left

rFire  . . .     SeeInvis .     J - +3 whip (freeze)
rCold  . . .     Gourm    .     E - +5 leather armour of Tempters {rCorr}
rNeg   . . .     Faith    .     (no shield)
rPois  .         Spirit   .     (no helmet)
rElec  .         Reflect  .     t - +0 cloak
rCorr  +         Harm     .     g - +0 pair of gloves {Str+3}
MR     +....                    L - +0 pair of boots
Stlth  +++.......               s - amulet of magic regeneration
                                M - ring of stealth
                                D - ring of flight

@: no status effects
A: large bone plates 1, clever 1
a: Renounce Religion, Evoke Flight


You were on level 11 of the Dungeon.
You worshipped Vehumet.
Vehumet was greatly pleased with you.
You were very hungry.

You visited 2 branches of the dungeon, and saw 12 of its levels.
You also visited: Ossuary.

You collected 583 gold pieces.
You spent 288 gold pieces at shops.

Inventory:

Hand Weapons
 J - a +3 whip of freezing (weapon)
Armour
 a - a +1 robe
 g - a +0 pair of gloves of strength (worn)
 l - a -2 buckler
 t - a +0 cloak (worn)
 E - the +5 leather armour of Tempters (worn) {rCorr}
   (You bought it in a shop on level 5 of the Dungeon)

   It protects you from acid and corrosion.
 K - a +2 robe of cold resistance
 L - a +0 pair of boots (worn)
 U - the +0 robe of Teir {-Cast +Inv rPois}
   (You bought it in a shop on level 8 of the Dungeon)

   It protects you from poison.
   It lets you turn invisible.
   It prevents spellcasting.
 X - the +6 ring mail of the Ego {rN+ Regen+ Int-3 Stlth+, unknown}
   (You found it on level 11 of the Dungeon)

   It affects your intelligence (-3).
   It protects you from negative energy.
   It increases your rate of regeneration.
   It makes you more stealthy.
Jewellery
 m - an uncursed ring of ice
 r - an uncursed ring of ice
 s - an amulet of magic regeneration (around neck)
 D - a ring of flight (left hand)
 M - a ring of stealth (right hand)
 P - an uncursed ring of poison resistance {unknown}
Wands
 h - a wand of random effects (25/48)
 y - a wand of flame (36/48)
 B - a wand of flame (17/48)
 C - a wand of flame (19/48)
 Q - a wand of random effects (24/48)
 W - a wand of lightning (8/15)
 Y - a wand of flame (10/48)
 Z - a wand of flame (35/48)
Scrolls
 d - 2 scrolls of enchant armour
 e - 4 scrolls of teleportation
 j - 2 scrolls of remove curse
 o - 3 scrolls of identify
 v - a scroll of fear
 x - a scroll of fog
 F - a scroll of vulnerability {unknown}
 R - 4 scrolls of blinking
 V - 4 scrolls of enchant weapon
Potions
 f - 5 potions of brilliance
 k - a potion of agility
 n - a potion of degeneration
 q - 4 potions of heal wounds
 w - 3 potions of ambrosia
 A - 2 potions of invisibility
 H - 2 potions of flight
 I - 3 potions of lignification
 N - 4 potions of curing
 S - a potion of cancellation {unknown}
 T - a potion of might
Books
 b - a book of Flames

   Spells                             Type                      Level
   a - Flame Tongue                   Conjuration/Fire             1
   b - Throw Flame                    Conjuration/Fire             2
   c - Conjure Flame                  Conjuration/Fire             3
   d - Inner Flame                    Hexes/Fire                   3
   e - Sticky Flame                   Conjuration/Fire             4
   f - Fireball                       Conjuration/Fire             5
 O - the Volume of Venomous Arcane Weapons
   (You found it on level 7 of the Dungeon)

   Spells                             Type                      Level
   a - Spider Form                    Transmutation/Poison         3
   b - Olgreb's Toxic Radiance        Poison                       4
   c - Poisonous Cloud                Conjuration/Poison/Air       6
   d - Spellforged Servitor           Conjuration/Summoning        7
Comestibles
 c - 6 bread rations
 i - 4 meat rations
 p - 3 royal jellies
 u - 6 fruits
 z - 7 slices of pizza
 G - 3 beef jerkies


   Skills:
 + Level 6.2 Fighting
 - Level 2.4 Dodging
 - Level 2.4 Stealth
 - Level 2.7 Shields
 + Level 11.6 Spellcasting
 + Level 9.8 Conjurations
 + Level 10.2 Fire Magic


You had 15 spell levels left.
You knew the following spells:

 Your Spells              Type           Power        Failure   Level  Hunger
a - Flame Tongue          Conj/Fire      #####        1%          1    None
b - Throw Flame           Conj/Fire      ######       1%          2    None
c - Conjure Flame         Conj/Fire      ######..     1%          3    None
d - Sticky Flame          Conj/Fire      ######..     1%          4    None
e - Fireball              Conj/Fire      ######....   1%          5    ###....
f - Mephitic Cloud        Conj/Pois/Air  ####....     1%          3    None


Dungeon Overview and Level Annotations

Branches:
Dungeon (11/15)            Temple (1/1) D:4            Lair (0/6) D:10
    Orc (0/2) D:9

Altars:
Ashenzari
Cheibriados
Dithmenos
Elyvilon
Fedhas
Gozag
Hepliaklqana
Kikubaaqudgha
Makhleb
Nemelex Xobeh
Okawaru
Qazlal
Ru
Sif Muna
Trog
Uskayaw
Vehumet
Xom
Yredelemnul
Zin
The Shining One

Shops:
D:5 [   D:6 :   D:8 (=[   D:9 :


Innate Abilities, Weirdness & Mutations

You are partially covered in large bone plates. (SH +4)
Your mind is acute. (Int +2)


Message History

Casting: Fireball
Confirm with . or Enter, or press ? or * to list all spells.
Aiming: Fireball
Press: ? - help, Shift-Dir - straight line, f - cyclops
Aim: a cyclops (hasn't noticed you)
The fireball explodes!
The fireball engulfs the cyclops.
The cyclops is heavily wounded.
The cyclops shouts!
The cyclops throws a large rock.
The large rock hits you!!
Ouch! That really hurt!
Casting: Fireball
Confirm with . or Enter, or press ? or * to list all spells.
Aiming: Fireball
Press: ? - help, Shift-Dir - straight line, f/p - cyclops
Aim: a cyclops (heavily wounded)
The fireball explodes!
The fireball engulfs the cyclops.
The cyclops is heavily wounded.
The cyclops throws a large rock.
The large rock hits you!!!
Ouch! That really hurt!
You die...

#....ยง..# #..#...#..
........#########..#...#..
...................#...#..
"$.................#####..
........?.................
........##########.#####..
###..C.#........#.#...#..
#.####.#........#.#...'..
##....#.'@.......#.'...#.. ...
#.....#.##########.#...#..
.....#.....#.....)......#...#..
......###...'............#...#..
........#####............#...#..
.........................#...#..
..........(..............#...#..
.........(...............#####..
................................


You could see a cyclops.

Vanquished Creatures
  The ghost of sheala the Covert, a journeyman DEEn of Vehumet (D:9)
  Pikel (D:5)
  A hill giant (D:10)
  A gargoyle (D:11)
  Grinder (D:6)
  A hornet (D:7)
  A wraith (D:11)
  A human (D:7)
  4 hogs (D:7)
  A hungry ghost (D:7)
  Edmund (D:5)
  Menkaure (D:4)
  2 soldier ants (D:8)
  A water moccasin (D:8)
  2 orc warriors
  2 phantoms (D:4)
  2 sky beasts
  An ice beast (D:10)
  4 ogres
  3 centaurs
  A big kobold (D:8)
  5 elf zombies (Ossuary)
  Blork the orc (D:4)
  9 bullfrogs
  A wyvern zombie (D:10)
  A wyvern skeleton (D:10)
  A water moccasin skeleton (D:8)
  4 killer bees (D:9)
  2 scorpions
  4 howler monkeys
  4 crimson imps
  A bullfrog zombie (D:9)
  4 centaur zombies (Ossuary)
  4 hounds
  8 orc priests
  A quasit (D:7)
  2 bullfrog skeletons
  Crazy Yiuf (D:6)
  3 centaur skeletons
  3 human zombies (Ossuary)
  2 jellies
  12 orc wizards
  Terence (D:3)
  4 iguanas
  8 worker ants
  A hound zombie (D:6)
  3 mummies (Ossuary)
  A howler monkey zombie (D:5)
  A worker ant zombie (D:6)
  6 gnolls
  15 adders
  An adder zombie (D:7)
  An adder skeleton (D:4)
  5 worms
  A dart slug (D:1)
  3 leopard geckos
  43 orcs
  A ball python (D:2)
  4 giant cockroaches
  4 goblins
  9 hobgoblins
  7 jackals
  15 kobolds
  8 quokkas
  A ball python skeleton (D:4)
  8 bats
  8 frilled lizards
  A leopard gecko skeleton (D:4)
  A quokka skeleton (D:5)
  8 rats
275 creatures vanquished.

Vanquished Creatures (others)
  A howler monkey skeleton (D:5)
1 creature vanquished.

Grand Total: 276 creatures vanquished

Notes
Turn   | Place    | Note
-------+----------+-------------------------------------------
     0 | D:1      | Naow the Deep Elf Fire Elementalist began the quest for the Orb.
     0 | D:1      | Reached XP level 1. HP: 10/10 MP: 6/6
   185 | D:1      | Reached XP level 2. HP: 15/15 MP: 5/8
   945 | D:1      | Reached XP level 3. HP: 17/19 MP: 6/10
   949 | D:1      | Learned a level 2 spell: Throw Flame
   953 | D:1      | Learned a level 3 spell: Conjure Flame
  1441 | D:2      | Reached skill level 4 in Spellcasting
  2205 | D:2      | Reached XP level 4. HP: 24/24 MP: 4/12
  2891 | D:3      | Noticed Terence
  2905 | D:3      | Killed Terence
  2905 | D:3      | Reached XP level 5. HP: 28/28 MP: 5/14
  3737 | D:4      | Learned a level 4 spell: Sticky Flame
  3762 | D:4      | Found a staircase to the Ecumenical Temple.
  3771 | D:4      | Reached skill level 5 in Spellcasting
  3826 | Temple   | Entered the Ecumenical Temple
  4148 | D:4      | Reached skill level 1 in Shields
  4281 | D:4      | Noticed Menkaure
  4284 | D:4      | Killed Menkaure
  4284 | D:4      | Reached skill level 5 in Fire Magic
  4284 | D:4      | Reached XP level 6. HP: 32/32 MP: 8/16
  4291 | D:4      | Learned a level 5 spell: Fireball
  4324 | D:4      | Noticed Blork the orc
  4328 | D:4      | Killed Blork the orc
  4470 | D:4      | Found a sparkling altar of Nemelex Xobeh.
  4471 | D:4      | Found a shimmering altar of Xom.
  4471 | D:4      | Found a basalt altar of Yredelemnul.
  4472 | D:4      | Found a radiant altar of Vehumet.
  4603 | D:4      | Became a worshipper of Vehumet
  4768 | D:4      | Found a hazy altar of Hepliaklqana.
  5130 | D:4      | Reached XP level 7. HP: 17/36 MP: 0/17
  5373 | D:4      | Reached skill level 6 in Spellcasting
  5721 | D:4      | Found a bloodstained altar of Trog.
  6539 | D:5      | Entered Level 5 of the Dungeon
  6597 | D:5      | Reached skill level 5 in Conjurations
  6787 | D:5      | Reached skill level 7 in Spellcasting
  6883 | D:5      | Found Josa's Antique Armour Boutique.
  6888 | D:5      | Bought a jewelled leather armour for 140 gold pieces
  6897 | D:5      | Reached skill level 1 in Fighting
  6897 | D:5      | Reached XP level 8. HP: 31/43 MP: 5/20
  6903 | D:5      | Identified the +5 leather armour of Tempters {rCorr} (You bought it in a shop on level 5 of the Dungeon)
  7133 | D:5      | Reached * piety under Vehumet
  7133 | D:5      | Offered knowledge of Shock by Vehumet.
  7143 | D:5      | Noticed Edmund
  7153 | D:5      | Killed Edmund
  7289 | D:5      | Found a burning altar of Makhleb.
  7565 | D:5      | Found an iron altar of Okawaru.
  7634 | D:5      | Noticed Pikel
  7642 | D:5      | Killed Pikel
  7642 | D:5      | Reached skill level 8 in Spellcasting
  7718 | D:6      | Noticed Grinder
  7824 | D:6      | Killed Grinder
  7824 | D:6      | Reached XP level 9. HP: 51/51 MP: 8/23
  8019 | D:6      | Found Atwegig's Book Shoppe.
  8322 | D:6      | Found a runed door.
  8359 | D:6      | Found a blossoming altar of Fedhas.
  8479 | D:6      | Noticed Crazy Yiuf
  8483 | D:6      | Killed Crazy Yiuf
  8564 | D:7      | Reached skill level 9 in Spellcasting
  8921 | D:7      | Found a glowing golden altar of the Shining One.
  8934 | D:7      | Found a white marble altar of Elyvilon.
  8964 | D:7      | Identified the Volume of Venomous Arcane Weapons
  8977 | D:7      | Reached ** piety under Vehumet
  8977 | D:7      | Offered knowledge of Magic Dart by Vehumet.
  9098 | D:7      | Found a glowing golden altar of the Shining One.
  9588 | D:8      | Reached skill level 10 in Spellcasting
  9808 | D:8      | Found a sand-covered staircase.
  9858 | D:8      | Reached XP level 10. HP: 58/58 MP: 17/26
  9882 | D:8      | Found a radiant altar of Vehumet.
  9891 | D:8      | Found Kailin's Jewellery Shop.
  9916 | D:8      | Found Sarch's Antique Armour Shoppe.
  9930 | Ossuary  | Entered an ossuary
 10066 | Ossuary  | Offered knowledge of Mephitic Cloud by Vehumet.
 10094 | Ossuary  | Learned a level 3 spell: Mephitic Cloud
 10324 | D:8      | Bought a ripped robe for 148 gold pieces
 10334 | D:8      | Identified the cursed +0 robe of Teir {-Cast +Inv rPois} (You bought it in a shop on level 8 of the Dungeon)
 10350 | D:8      | Gained mutation: You are clumsy. (Dex -2) [potion of mutation]
 10350 | D:8      | Gained mutation: You are weak. (Str -2) [potion of mutation]
 10350 | D:8      | Gained mutation: Potions and wands are less effective at restoring your health. [potion of mutation]
 10351 | D:8      | Gained mutation: Your magical capacity is low. (-10% MP) [potion of mutation]
 10351 | D:8      | Gained mutation: You are partially covered in large bone plates. (SH +4) [potion of mutation]
 10352 | D:8      | Lost mutation: You are clumsy. (Dex -2) [potion of cure mutation]
 10352 | D:8      | Lost mutation: You are weak. (Str -2) [potion of cure mutation]
 10352 | D:8      | Lost mutation: Potions and wands are less effective at restoring your health. [potion of cure mutation]
 10352 | D:8      | Lost mutation: Your magical capacity is low. (-10% MP) [potion of cure mutation]
 10363 | D:8      | Gained mutation: Your mind is acute. (Int +2) [potion of beneficial mutation]
 10488 | D:8      | Reached skill level 5 in Fighting
 10546 | D:8      | Reached *** piety under Vehumet
 10729 | D:8      | Found Neom's Antique Weapon Shop.
 10814 | D:8      | Found a blossoming altar of Fedhas.
 11139 | D:9      | Offered knowledge of Iskenderun's Mystic Blast by Vehumet.
 11198 | D:9      | Noticed sheala's ghost (journeyman DEEn)
 11207 | D:9      | Killed sheala's ghost
 11207 | D:9      | Reached skill level 11 in Spellcasting
 11364 | D:9      | Found Ziad's Book Shoppe.
 11456 | D:9      | Reached **** piety under Vehumet
 11460 | D:9      | Offered knowledge of Dazzling Spray by Vehumet.
 11599 | D:9      | Found a staircase to the Orcish Mines.
 11615 | D:9      | Found an opulent altar of Gozag.
 11712 | D:9      | Found a shadowy altar of Dithmenos.
 11870 | D:10     | Entered Level 10 of the Dungeon
 11951 | D:10     | Reached skill level 10 in Fire Magic
 12170 | D:10     | Reached XP level 11. HP: 64/64 MP: 25/28
 12279 | D:10     | Noticed a hill giant
 12290 | D:10     | Killed a hill giant
 12392 | D:10     | Found a staircase to the Lair.
 12880 | D:11     | Got a translucent ring mail
 12932 | D:11     | Hit by a large rock thrown by a cyclops

Skill      XL: |  1  2  3  4  5  6  7  8  9 10 11 |
---------------+----------------------------------+-----
Conjurations   | 2 3 4 5 6 8 9 |  9.8
Fire Magic     | 4 5 6 7 8 10 | 10.2
Spellcasting   | 4 5 7 8 10 11 | 11.6
Shields        | 1 2 |  2.7
Fighting       | 1 3 4 5 6 |  6.2
Dodging        | |  2.4
Stealth        | |  2.4

Action                   |  1- 3 |  4- 6 |  7- 9 | 10-12 || total
-------------------------+-------+-------+-------+-------++-------
Melee: Unarmed           |     5 |     6 |     1 |       ||    12
       Whip              |       |       |    59 |    74 ||   133
 Cast: Flame Tongue      |    74 |    97 |   140 |   191 ||   502
       Throw Flame       |     1 |    10 |    54 |    49 ||   114
       Conjure Flame     |       |     1 |     5 |       ||     6
       Sticky Flame      |       |     2 |     9 |    35 ||    46
       Fireball          |       |       |    14 |    20 ||    34
  Use: Scroll            |       |       |     9 |    14 ||    23
       Potion            |       |       |     2 |     4 ||     6
 Stab: Sleeping          |       |     1 |     1 |       ||     2
  Eat: Chunk             |     3 |    10 |    18 |     9 ||    40
       Pizza             |       |       |       |     1 ||     1
Armor: Robe              |     6 |     6 |     1 |       ||    13
       Leather armour    |       |       |    24 |    57 ||    81
Dodge: Dodged            |    16 |    45 |    46 |    82 ||   189
Block: Buckler           |       |       |     5 |       ||     5
       Other             |       |       |       |    16 ||    16
